 Dungeon Crawl Stone Soup version 0.31.0-12-g77e489cdc1 (webtiles) character file.

Game seed: 1170360231552613691

41 H0rd4k the Charlatan (level 3, 0/23 HPs)
             Began as an Octopode Artificer on Mar 4, 2024.
             Slain by a cerulean imp
             ... wielding a +1 spear
             ... summoned by Natasha
              (4 damage)
             ... on level 2 of the Dungeon.
             The game lasted 00:01:18 (946 turns).

H0rd4k the Charlatan (Octopode Artificer)            Turns: 946, Time: 00:01:18

Health: 0/23       AC:  1    Str: 11    XL:     3   Next: 52%
Magic:  3/3        EV: 13    Int: 15    God:
Gold:   82         SH:  0    Dex: 12    Spells: 2/2 levels left

rFire   . . .        (no weapon)
rCold   . . .        (no shield)
rNeg    . . .        (helmet restricted)
rPois   .            (no amulet)
rElec   .            (no ring)
rCorr   .            (no ring)
SInv    .            (no ring)
Will    .....        (no ring)
Stlth   +++          (no ring)
HPRegen 0.23/turn    (no ring)
MPRegen 0.08/turn    (no ring)
                     (no ring)

%: no passive effects
@: no status effects
A: almost no armour, amphibious, 8 rings, camouflage 1, gelatinous body 1,
(nimble swimmer 1), tentacles
a: no special abilities


You were on level 2 of the Dungeon.
You visited 1 branch of the dungeon, and saw 2 of its levels.

You collected 82 gold pieces.

Inventory:

Wands
 b - a wand of flame (15) (quivered)
 c - a wand of charming (13)
 d - a wand of iceblast (5)
Scrolls
 a - a scroll of identify {unknown}
 e - 2 scrolls of teleportation {unknown}
 g - a scroll of immolation {unknown}
Potions
 f - a potion of curing {unknown}
 h - a potion of brilliance {unknown}


   Skills:
 + Level 1.2 Fighting
 + Level 2.7 Dodging
 + Level 2.4 Stealth
 + Level 0.5 Unarmed Combat
 + Level 4.0 Evocations


You had 2 spell levels left.
You didn't know any spells.
Your spell library was empty.

Dungeon Overview and Level Annotations

Branches:
Dungeon (2/15)

Altars:

Annotations:
D:2 Natasha


Innate Abilities, Weirdness & Mutations

You cannot wear most types of armour.
You are amphibious.
You can wear up to eight rings at the same time.
Your skin changes colour to match your surroundings (Stealth+).
Your rubbery body absorbs attacks. (AC +1, EV +1)
((You are camouflaged when in or above water. (Stealth+)))
You have tentacles for arms and can constrict up to eight enemies at once.


Message History

You constrict the adder.
You feel sick. The adder bites you but does no damage.
An adder is nearby!
You tentacle-slap the adder.
You kill the adder!
You feel sick.
You are no longer poisoned.
Found a leather armour.
You see here an adder corpse.
No target in view!
Natasha and a ribbon worm come into view.
There are monsters nearby!
There are monsters nearby!
A kobold comes into view. It is wielding a +0 dagger.
You see here an adder corpse.
Natasha casts a spell at you. You resist with significant effort.
Natasha wildly gestures.
You feel disoriented.
Natasha casts a spell.
Natasha casts a spell.
The cerulean imp hits you from afar with a +1 spear.
Natasha claws you!
You see here an adder corpse.
You closely miss Natasha. Your grab misses Natasha.
The cerulean imp hits you from afar with a +1 spear.
Natasha barely misses you. The cerulean imp barely misses you.
You tentacle-slap Natasha. Your grab misses Natasha.
Your squeeze misses Natasha.
Natasha is lightly wounded.
The cerulean imp hits you from afar with a +1 spear.
Natasha claws you.
* * * LOW HITPOINT WARNING * * *
The cerulean imp hits you from afar with a +1 spear.
* * * LOW HITPOINT WARNING * * *
Aiming: Charm
Press: ? - help, Shift-Dir - straight line, f - Natasha
Aim: Natasha (lightly wounded, chance to affect: 59%) Natasha resists with significant effort.
The cerulean imp hits you from afar with a +1 spear.
You die...

...........
..........#
...w......#
#........# #
##........#.#
#........w#.#
#...#####55[# #....
.#h### ## #.##.#@#
###. ....#.#
....###.##.#
...........#
###########...####
..............#####..
..........#..........
#....####+#..........
....###......#.......


You could see a ribbon worm, Natasha and 2 cerulean imps.

Vanquished Creatures
  2 adders (D:2)
  An endoplasm (D:1)
  2 goblins (D:1)
  3 hobgoblins (D:1)
  A quokka (D:1)
  5 ball pythons (D:1)
  2 bats (D:1)
  A frilled lizard (D:2)
  3 kobolds (D:1)
  A rat (D:1)
21 creatures vanquished.

Vanquished Creatures (collateral kills)
  A goblin (D:1)
1 creature vanquished.

Vanquished Creatures (others)
  A quokka (D:1)
1 creature vanquished.

Grand Total: 23 creatures vanquished

Notes
Turn   | Place    | Note
-------+----------+-------------------------------------------
     0 | D:1      | H0rd4k the Octopode Artificer began the quest for the Orb.
     0 | D:1      | Reached XP level 1. HP: 13/13 MP: 1/1
   177 | D:1      | Reached XP level 2. HP: 16/18 MP: 2/2
   708 | D:1      | Found a faded altar of an unknown god.
   709 | D:1      | Noticed a golden eye
   710 | D:1      | Noticed a shining eye
   716 | D:1      | Noticed an eye of devastation
   738 | D:1      | Noticed a golden eye
   867 | D:2      | Reached skill level 4 in Evocations
   867 | D:2      | Reached XP level 3. HP: 20/23 MP: 3/3
   931 | D:2      | Noticed Natasha
   946 | D:2      | Slain by a cerulean imp

Illustrated notes

Levels and vault maps discovered:
D:1:      minmay_arrival_loop, layout_basic,
          hellmonk_ecumenical_altar_watching_god, hex_medium
D:2:      layout_basic, nicolae_houndstooth_variations, uniq_natasha

Skill      XL: |  1  2 |
---------------+-------+-----
Stealth        | 2 |  2.4
Evocations     | 4 |  4.0
Fighting       | |  1.2
Dodging        | |  2.7
Unarmed Combat | |  0.5

Action                     || total
---------------------------++-------
  Melee: Unarmed           ||    56
         Constrict         ||    18
         Tentacles         ||    12
  Evoke: Wand              ||     2
   Stab: Sleeping          ||     6
 Armour: Skin              ||    42
  Dodge: Dodged            ||    53
